 Dungeon Crawl Stone Soup version 0.21-a0-400-g417d9d2 (webtiles) character file.

107 Kavrick the Skirmisher (level 4, -11/49 HPs)
             Began as an Ogre Monk on Oct 20, 2017.
             Mangled by an ogre
             ... wielding a +0 giant club
              (19 damage)
             ... on level 4 of the Dungeon.
             The game lasted 00:03:23 (2029 turns).

Kavrick the Skirmisher (Ogre Monk)                  Turns: 2029, Time: 00:03:23

Health: -11/49     AC:  3    Str: 15    XL:     4   Next: 85%
Magic:  4/4        EV: 11    Int: 11    God:
Gold:   73         SH:  0    Dex: 12    Spells: 3/3 levels left

rFire    . . .     SeeInvis .   a - +0 spear
rCold    . . .     Gourm    .   (no shield)
rNeg     . . .     Faith    .   b - +0 robe
rPois    .         Spirit   .   (helmet restricted)
rElec    .         Reflect  .   (no cloak)
rCorr    .         Harm     .   (gloves unavailable)
MR       .....                  (boots unavailable)
Stlth    ++........             (no amulet)
HPRegen  0.16/turn              (no ring)
MPRegen  0.09/turn              (no ring)

@: no status effects
A: unfitting armour, tough skin 1
a: no special abilities


You were on level 4 of the Dungeon.
You were hungry.

You visited 1 branch of the dungeon, and saw 4 of its levels.

You collected 73 gold pieces.

Inventory:

Hand Weapons
 a - a +0 spear (weapon)
Armour
 b - a +0 robe (worn)
Jewellery
 e - an uncursed ring of ice {unknown}
 f - an uncursed amulet of harm {unknown}
 l - an uncursed amulet of regeneration {unknown}
Scrolls
 g - 2 scrolls of remove curse {unknown}
 h - a scroll of identify {unknown}
 j - a scroll of enchant weapon {unknown}
 k - a scroll of enchant armour {unknown}
Potions
 i - a potion of flight {unknown}
 m - 2 potions of brilliance {unknown}
Comestibles
 c - 2 bread rations
 d - 2 royal jellies


   Skills:
 + Level 4.6 Fighting
 * Level 3.9 Polearms
 + Level 1.1 Armour
 + Level 3.1 Dodging
 + Level 2.0 Stealth


You had 3 spell levels left.
You didn't know any spells.

Dungeon Overview and Level Annotations

Branches:
Dungeon (4/15)
 Temple: D:4-7

Altars:

Annotations:
D:3 Sigmund


Innate Abilities, Weirdness & Mutations

You are too large for most types of armour.
You have tough skin. (AC +1)


Message History

The ogre is severely wounded.
The ogre closely misses you.
Attack whom?
Press: ? - help, Dir - move target cursor, f/p - ogre
Aim: an ogre, wielding a giant club (severely wounded)
You hit the ogre but do no damage.
The ogre is severely wounded.
The ogre closely misses you.
Attack whom?
Press: ? - help, Dir - move target cursor, f/p - ogre
Aim: an ogre, wielding a giant club (severely wounded)
You hit the ogre but do no damage.
The ogre is severely wounded.
Attack whom?
Press: ? - help, Dir - move target cursor, f/p - ogre
Aim: an ogre, wielding a giant club (severely wounded)
You barely miss the ogre.
The ogre is severely wounded.
The ogre hits you with a giant club!!
You die...

#....##
##....##
#......#
....###..##
.## .!.
##S.## ..#
## ##..#
..## #..##
#..#
##..####..#
##
#..SO@...#
.#
#####....#
..# ##..##
#.. #...#
##^# #...##
##.#
#.###.###.##
#.# ##.<.##
#.# #...#
..# #!..#


You could see an ogre and an adder.

Vanquished Creatures
  Jessica (D:3)
  Terence (D:3)
  3 adders
  A dart slug (D:3)
  A leopard gecko (D:1)
  A bat (D:1)
  3 giant cockroaches (D:1)
  A goblin (D:1)
  5 hobgoblins (D:1)
  2 ball pythons (D:1)
  2 frilled lizards
  2 kobolds
  7 rats
30 creatures vanquished.

Notes
Turn   | Place    | Note
-------+----------+-------------------------------------------
     0 | D:1      | Kavrick the Ogre Monk began the quest for the Orb.
     0 | D:1      | Reached XP level 1. HP: 24/24 MP: 1/1
   138 | D:1      | Reached XP level 2. HP: 25/32 MP: 2/2
  1051 | D:2      | Reached XP level 3. HP: 25/39 MP: 3/3
  1559 | D:3      | Noticed Sigmund
  1599 | D:3      | Noticed Jessica
  1602 | D:3      | Killed Jessica
  1602 | D:3      | Reached XP level 4. HP: 49/49 MP: 4/4
  1655 | D:3      | Reached skill level 1 in Armour
  1765 | D:3      | Noticed Terence
  1789 | D:3      | Killed Terence
  2002 | D:4      | Noticed an ogre
  2029 | D:4      | Mangled by an ogre

Vault maps used:
D:1:      nagdon_arrival_zigzag_paths
D:2:      lemuel_doored_altar, first_bread, minmay_liquid_box,
          okawaru_ov_weapons_minmay
D:3:      uniq_sigmund, uniq_grinder, uniq_terence, uniq_jessica
D:4:      kennysheep_mini_moat

Skill      XL: |  1  2  3  4 |
---------------+-------------+-----
Dodging        | 3 |  3.1
Armour         | 1 |  1.1
Stealth        | 2 |  2.0
Fighting       | |  4.6
Polearms       | |  3.9

Action                   |  1- 3 |  4- 6 || total
-------------------------+-------+-------++-------
Melee: Spear             |   107 |    65 ||   172
 Stab: Sleeping          |     3 |     1 ||     4
       Distracted        |       |     1 ||     1
  Eat: Chunk             |     2 |     1 ||     3
Armor: Robe              |    18 |     9 ||    27
       Skin              |       |     7 ||     7
Dodge: Dodged            |    52 |    19 ||    71

Table legend:
 A = Spawn XP
 B = Non-spawn XP
 C = Spawn XP percentage of total XP
 D = Spawn monster count
 E = Non-spawn monster count
 F = Spawn count percentage of total count
 G = Total turns spent on level
                    A         B        C        D         E        F      G
               +---------+---------+-------+---------+---------+-------+---------
         Total |       0 |     153 |   0.0 |       0 |      30 |   0.0 |  2029
               +---------+---------+-------+---------+---------+-------+---------
           D:1 |       0 |      32 |   0.0 |       0 |      20 |   0.0 |  1026
           D:2 |       0 |      29 |   0.0 |       0 |       4 |   0.0 |   608
           D:3 |       0 |      92 |   0.0 |       0 |       6 |   0.0 |   343
               +---------+---------+-------+---------+---------+-------+---------
